 Dungeon Crawl Stone Soup version 0.32-a0-699-g1ee5eff69a (webtiles) character file.

Game seed: 6118042474141328260

2301 sleeves the Cleaver (level 9, -4/61 HPs)
             Began as a Coglin Gladiator on Mar 13, 2024.
             Was a Follower of Uskayaw.
             Shot with an arrow by a centaur warrior (19 damage)
             ... on level 8 of the Dungeon.
             The game lasted 00:10:29 (6548 turns).

sleeves the Cleaver (Coglin Gladiator)              Turns: 6548, Time: 00:10:30

Health: -4/61      AC: 10    Str: 18    XL:     9   Next: 40%
Magic:  9/9        EV: 12    Int:  8    God:    Uskayaw [*.....]
Gold:   415        SH:  0    Dex: 16    Spells: 8/8 levels left

rFire   . . .        z - +2 war axe (venom) {Charoen}
rCold   . . .        b - +1 short sword (freeze) {Chaewon}
rNeg    . . .        G - +0 steam dragon scales
rPois   .            w - +1 helmet
rElec   .            a - +1 cloak {Will+}
rCorr   .            (no gloves)
SInv    .            h - +0 pair of boots
Will    +....        (amulet unavailable) Stlth
                     (ring unavailable)
HPRegen 0.30/turn    (ring unavailable)
MPRegen 0.11/turn    (no gizmo)

%: no passive effects
@: silenced
A: off-hand wielding, slow wielding, warmup strikes, no jewellery
a: Invent Gizmo, Renounce Religion


You were on level 8 of the Dungeon.
You worshipped Uskayaw.
Uskayaw was noncommittal.
You visited 2 branches of the dungeon, and saw 9 of its levels.
You also visited: Sewer.

You collected 415 gold pieces.

Inventory:

Hand Weapons
 b - a +1 short sword of freezing (offhand) {Chaewon}
   (You took it off a kobold on level 2 of the Dungeon)
 z - a +2 war axe of venom (weapon) {Charoen}
   (You found it on level 5 of the Dungeon)
Missiles
 d - 4 throwing nets (quivered)
 e - a javelin
 g - 8 poisoned darts
 A - 5 boomerangs
Armour
 a - a +1 cloak of willpower (worn)
   (You took it off Crazy Yiuf on level 7 of the Dungeon)
 h - a +0 pair of boots (worn)
   (You found it on level 1 of the Dungeon)
 w - a +1 helmet (worn)
   (You took it off Robin on level 4 of the Dungeon)
 G - +0 steam dragon scales (worn)
   (You found it on level 7 of the Dungeon)
Wands
 E - a wand of polymorph (7)
   (You found it on level 6 of the Dungeon)
Scrolls
 i - a scroll of blinking
 j - 2 scrolls of amnesia {unknown}
 k - a scroll of immolation {unknown}
 o - a scroll of revelation {unknown}
 p - 3 scrolls of teleportation {unknown}
 r - 4 scrolls of identify
 s - 3 scrolls of fear {unknown}
 t - a scroll of vulnerability {unknown}
 u - 6 scrolls of noise
 v - 3 scrolls of silence
 C - a scroll of poison {unknown}
 D - 3 scrolls of fog {unknown}
Potions
 c - 3 potions of curing
 l - 2 potions of heal wounds {unknown}
 m - 2 potions of might {unknown}
 n - 2 potions of enlightenment {unknown}
 x - a potion of brilliance {unknown}
 B - 2 potions of cancellation {unknown}
 F - a potion of attraction {unknown}
Miscellaneous
 y - a condenser vane
   (You found it in a sewer)


   Skills:
 - Level 2.0 Fighting
 + Level 12.5 Axes
 - Level 1.7 Throwing
 - Level 2.6 Dodging


You had 8 spell levels left.
You didn't know any spells.
Your spell library contained the following spells:

 Spells                   Type           Power      Damage    Failure   Level
 Kiss of Death            Conj/Necr      0%         2d5       41%         1
 Cigotuvi's Dreadful Rot  Necr/Alch/Air  0%         N/A       54%         2
 Lesser Beckoning         Tloc           0%         N/A       54%         2
 Gell's Gravitas          Tloc           0%         N/A       78%         3
 Teleport Other           Tloc           0%         N/A       78%         3
 Tukima's Dance           Hex            0%         N/A       78%         3
 Vampiric Draining        Necr           0%         2d6       78%         3
 Dimensional Bullseye     Hex/Tloc       0%         N/A       99%         4
 Dispel Undead            Necr           0%         3d6       99%         4
 Iskenderun's Mystic Bla  Conj/Tloc      0%         2d3       99%         4
 Martyr's Knell           Necr/Summ      0%         N/A       99%         4
 Lee's Rapid Deconstruct  Erth           0%         3d4*      100%        5
 Shatter                  Erth           0%         3d5*      100%        9


Dungeon Overview and Level Annotations

Branches:
Dungeon (8/15)             Temple (1/1) D:5           Sewer (visited)
   Lair: D:8-11

Altars:
Ashenzari
Cheibriados
Dithmenos
Elyvilon
Fedhas
Gozag
Hepliaklqana
Kikubaaqudgha
Makhleb
Nemelex Xobeh
Okawaru
Qazlal
Ru
Sif Muna
Trog
Uskayaw
Vehumet
Wu Jian
Xom
Yredelemnul
Zin
The Shining One

Shops:
D:2 [

Annotations:
D:7 1 runed translucent door, BubbleThief's ghost, novice DsNe


Innate Abilities, Weirdness & Mutations

You can wield a second weapon in your off-hand.
It takes a long time for you to wield or remove held weapons.
Your first few attacks do less damage.
You cannot equip rings or amulets.


Message History

You slash the orc with your +2 war axe of venom!
You kill the orc!
You hit the orc with your +2 war axe of venom.
The orc is poisoned.
You hit the orc with your +2 war axe of venom.
You kill the orc!
The orc throws a boomerang.
The boomerang closely misses you.
You closely miss the orc with your +1 short sword of freezing.
You hit the orc but do no damage. The orc hits you with a +0 dagger.
You barely miss the orc with your +2 war axe of venom.
You hit the orc with your +2 war axe of venom.
The orc is poisoned.
You hit the orc but do no damage. The orc hits you but does no damage.
The orc closely misses you.
You hit the orc with your +1 short sword of freezing.
You freeze the orc.
You kill the orc!
You slash the orc with your +2 war axe of venom!
You kill the orc!
No target in view!
No target in view!
You now have 246 gold pieces (gained 13).
Things that are here:
a +1 heavy flail; an orc corpse You now have 261 gold pieces (gained 15).
A - 5 boomerangs (gained 3)
Things that are here:
a +0 club; a +0 ring mail You now have enough gold to buy a heavily runed chain mail on D:2.
You can access your shopping list by pressing '$'.
You now have 273 gold pieces (gained 12).
Items here: )) [[.
There is an open door here.
There is an open door here.
s - 2 scrolls labelled DIMEDU KURIS (gained 1)
There is an open door here.
There is an open door here.
You open the door. You open the door.
There is an open door here.
A hound comes into view.
The hound barks!
A hound is nearby!
The hound closely misses you.
You slice the hound with your +2 war axe of venom!!
You kill the hound!
No target in view!
No target in view!
No target in view!
You see here a hound corpse.
You open the door.
Found a ring mail.
There is an open door here.
A bombardier beetle comes into view.
You hit the bombardier beetle with your +1 short sword of freezing.
You freeze the bombardier beetle.
The bombardier beetle is lightly wounded.
You hit the bombardier beetle with your +2 war axe of venom.
The bombardier beetle is poisoned.
The bombardier beetle sprays incendiary fluid at you.
The burning spray hits you.
You are covered in liquid fire!
You hit the bombardier beetle with your +1 short sword of freezing.
You freeze the bombardier beetle.
The bombardier beetle is heavily wounded.
You hit the bombardier beetle with your +2 war axe of venom.
The bombardier beetle looks as sick as possible!
The liquid fire burns you!
You kill the bombardier beetle!
No target in view!
No target in view!
You shake off some of the fire as you move.
The liquid fire burns you!
You shake off the liquid fire.
You open the door.
There is an open door here.
g - 8 poisoned darts (gained 2)
A black bear comes into view.
The black bear growls angrily.
A black bear is nearby!
A black bear is nearby!
Found a scroll labelled GUFIEDGHELUST.
The black bear bites you.
The black bear claws you but does no damage.
The black bear closely misses you.
You hit the black bear with your +1 short sword of freezing.
You freeze the black bear.
The black bear is lightly wounded.
You barely miss the black bear with your +2 war axe of venom.
The black bear bites you! The black bear barely misses you.
The black bear claws you.
You hit the black bear but do no damage.
The black bear is lightly wounded.
You closely miss the black bear with your +2 war axe of venom.
The black bear bites you. The black bear barely misses you. x2
You hit the black bear with your +1 short sword of freezing.
You freeze the black bear.
The black bear is lightly wounded.
You barely miss the black bear with your +2 war axe of venom.
The black bear bites you but does no damage.
The black bear claws you.
The black bear claws you but does no damage.
You are too injured to fight recklessly!
You are too injured to fight recklessly!
You are too injured to fight recklessly!
You are too injured to fight recklessly!
You are too injured to fight recklessly!
You are too injured to fight recklessly!
You are too injured to fight recklessly!
You are too injured to fight recklessly!
You are too injured to fight recklessly!
You are too injured to fight recklessly!
You hit the black bear with your +1 short sword of freezing.
You freeze the black bear.
The black bear is moderately wounded.
You hit the black bear with your +2 war axe of venom.
The black bear is poisoned.
The black bear closely misses you. The black bear barely misses you.
The black bear claws you but does no damage.
You closely miss the black bear with your +2 war axe of venom.
The black bear is heavily wounded.
You completely miss the black bear with your +1 short sword of freezing.
The black bear bites you but does no damage.
The black bear claws you but does no damage. x2
You closely miss the black bear with your +1 short sword of freezing.
The black bear is severely wounded.
You hit the black bear but do no damage.
The black bear barely misses you.
The black bear claws you but does no damage.
The black bear barely misses you.
You hit the black bear but do no damage.
The black bear is severely wounded.
You closely miss the black bear with your +2 war axe of venom.
The black bear goes berserk!
You hit the black bear with your +2 war axe of venom.
The black bear looks as sick as possible!
The black bear is almost dead.
You hit the black bear with your +1 short sword of freezing.
You freeze the black bear.
You kill the black bear!
r - 2 scrolls labelled GUFIEDGHELUST (gained 1)
Found an escape hatch in the floor.
An adder comes into view.
An adder is nearby!
An adder is nearby!
The adder hisses angrily.
You hear a shout!
An ufetubus comes into view.
Found a coppery potion.
An ufetubus comes into view.
The ufetubus shouts!
The adder misses you.
You barely miss the adder with your +1 short sword of freezing.
You hit the adder with your +2 war axe of venom.
The adder is poisoned.
The adder barely misses you.
You barely miss the adder with your +1 short sword of freezing.
The adder is heavily wounded.
You slash the adder with your +2 war axe of venom!
You kill the adder!
You closely miss the ufetubus with your +2 war axe of venom.
The ufetubus hits you but does no damage.
The ufetubus closely misses you.
The ufetubus hits you but does no damage.
The ufetubus hits you.
Your Axes skill increases to level 10!
You hit the ufetubus with your +2 war axe of venom.
The ufetubus is poisoned.
The ufetubus is lightly wounded.
You hit the ufetubus with your +1 short sword of freezing.
The ufetubus barely misses you.
The ufetubus hits you but does no damage.
You slash the ufetubus with your +2 war axe of venom!
You kill the ufetubus!
You slash the ufetubus with your +2 war axe of venom!
The ufetubus is poisoned.
You kill the ufetubus!
No target in view!
No target in view!
B - a coppery potion You open the door.
There is an open door here.
There is an escape hatch in the floor here.
You now have 288 gold pieces (gained 15).
You open the door.
A black bear comes into view.
There is an open door here.
A black bear is nearby!
You hit the black bear with your +1 short sword of freezing.
You freeze the black bear.
The black bear is lightly wounded.
You closely miss the black bear with your +2 war axe of venom.
The black bear closely misses you.
The black bear claws you but does no damage. x2
You completely miss the black bear with your +2 war axe of venom.
The black bear is lightly wounded.
You hit the black bear with your +1 short sword of freezing.
You freeze the black bear. The black bear bites you.
The black bear barely misses you. The black bear claws you.
You barely miss the black bear with your +2 war axe of venom.
The black bear is heavily wounded.
You hit the black bear with your +1 short sword of freezing.
You freeze the black bear. The black bear barely misses you.
The black bear claws you but does no damage.
The black bear barely misses you.
You slash the black bear with your +2 war axe of venom!
The black bear is poisoned.
The black bear is almost dead.
You hit the black bear but do no damage.
The black bear bites you but does no damage.
The black bear claws you but does no damage. x2
You hit the black bear with your +1 short sword of freezing.
You freeze the black bear.
You kill the black bear!
No target in view!
There is an open door here.
Found a staircase to the Ecumenical Temple.
There is an open door here.
There is an open door here.
There is an open door here.
Found a stone staircase leading up.
There is an open door here.
Items here: )) [[.
There is an open door here.
There is an open door here.
There is an open door here.
You open the door.
There is an open door here.
You open the door.
There is an open door here.
There is a fountain of clear blue water here.
There is a staircase to the Ecumenical Temple here.
As you open the door, it creaks loudly!
There is a staircase to the Ecumenical Temple here.
You climb downwards.
Welcome to the Ecumenical Temple!
Found a burning altar of Makhleb and a basalt altar of Yredelemnul.
Found a staircase back to the Dungeon.
There is a staircase back to the Dungeon here.
You climb upwards.
Welcome back to the Dungeon!
There is a staircase to the Ecumenical Temple here.
There is an open door here.
Found a stone staircase leading down.
You open the door.
There is a stone staircase leading down here.
There is an open door here.
You see here a +0 ring mail.
There is an open door here.
You open the door.
There is an open door here.
There is an open door here.
As you open the door, it creaks loudly!
There is an open door here.
A scorpion comes into view.
A scorpion is nearby!
The scorpion misses you.
You hit the scorpion with your +1 short sword of freezing.
You freeze the scorpion.
The scorpion is lightly wounded.
You barely miss the scorpion with your +2 war axe of venom.
The scorpion stings you but does no damage.
You hit the scorpion with your +1 short sword of freezing.
You freeze the scorpion.
The scorpion is moderately wounded.
You hit the scorpion with your +2 war axe of venom.
The scorpion is poisoned.
The scorpion stings you but does no damage.
The scorpion barely misses you.
You hit the scorpion but do no damage.
The scorpion is heavily wounded.
You slash the scorpion with your +2 war axe of venom!
You kill the scorpion!
No target in view!
No target in view!
You open the door.
There is an open door here.
As you open the door, it creaks loudly!
There is an open door here.
There is an open door here.
An orc comes into view. It is wielding a +0 flail.
The orc shouts!
The orc moves out of view.
There is an open door here.
An orc is nearby!
The orc hits you with a +0 flail.
You closely miss the orc with your +2 war axe of venom.
You hit the orc with your +1 short sword of freezing.
You freeze the orc. The orc hits you with a +0 flail!
You closely miss the orc with your +1 short sword of freezing.
The orc is heavily wounded.
You closely miss the orc with your +2 war axe of venom.
The orc closely misses you.
You hit the orc with your +1 short sword of freezing.
You freeze the orc.
You kill the orc!
HP restored.
Things that are here:
a +0 flail; a +0 ring mail; an orc corpse You open the door.
There is an open door here.
There is an open door here.
C - a scroll labelled BAIZINKUUNN
There is an open door here.
There is an open door here.
You see here a +0 whip.
There is an open door here.
You open the door.
There is an open door here.
Done exploring.
No target in view!
Done exploring.
No target in view!
There is an open door here.
A black bear comes into view.
The black bear growls angrily.
A black bear is nearby!
A black bear is nearby!
The black bear bites you but does no damage.
The black bear barely misses you.
The black bear claws you but does no damage.
You barely miss the black bear with your +2 war axe of venom.
You hit the black bear but do no damage.
The black bear bites you.
The black bear claws you but does no damage. x2
You hit the black bear with your +1 short sword of freezing.
You freeze the black bear.
The black bear is lightly wounded.
You hit the black bear with your +2 war axe of venom.
The black bear is poisoned.
The black bear misses you. The black bear claws you.
The black bear barely misses you.
You hit the black bear with your +1 short sword of freezing.
You freeze the black bear.
The black bear is moderately wounded.
You barely miss the black bear with your +2 war axe of venom.
The black bear closely misses you. The black bear completely misses you.
The black bear claws you but does no damage.
You slash the black bear with your +2 war axe of venom!
The black bear looks as sick as possible!
The black bear is severely wounded.
You hit the black bear with your +1 short sword of freezing.
You freeze the black bear.
The black bear bites you but does no damage.
The black bear claws you. The black bear barely misses you.
You hit the black bear with your +1 short sword of freezing.
You freeze the black bear.
You kill the black bear!
No target in view!
No target in view!
You see here a black bear corpse.
There is an open door here.
There is a stone staircase leading down here.
You climb downwards.
Found a scale mail.
There is a stone staircase leading up here.
HP restored.
D - a scroll labelled INWUMN RUAGA An ice beast comes into view.
An ice beast is nearby!
You hit the ice beast with your +1 short sword of freezing.
The ice beast is lightly wounded.
You hit the ice beast with your +2 war axe of venom.
The ice beast closely misses you.
You completely miss the ice beast with your +1 short sword of freezing.
The ice beast is lightly wounded.
You hit the ice beast but do no damage. The ice beast hits you.
The ice beast freezes you!
You hit the ice beast with your +1 short sword of freezing.
The ice beast is moderately wounded.
You hit the ice beast with your +2 war axe of venom.
The ice beast is poisoned.
The ice beast closely misses you.
You hit the ice beast with your +1 short sword of freezing.
The ice beast is heavily wounded.
You hit the ice beast with your +2 war axe of venom.
The ice beast hits you but does no damage.
You hit the ice beast but do no damage.
The ice beast is severely wounded.
You slash the ice beast with your +2 war axe of venom!
The ice beast looks as sick as possible!
You kill the ice beast!
No target in view!
No target in view!
j - 2 scrolls labelled NEARGH ZUBEF (gained 1)
You open the door.
There is an open door here.
You now have 305 gold pieces (gained 17).
You open the door.
There is an open door here.
A shadow imp comes into view.
The shadow imp shouts, "Crawl home, thou infectious nose-picking pignut!"
A shadow imp is nearby!
A shadow imp is nearby!
An ogre comes into view. It is wielding a +0 giant club.
The ogre hits you with a +0 giant club!!
Ouch! That really hurt!
* * * LOW HITPOINT WARNING * * *
You are too injured to fight recklessly!
You are too injured to fight recklessly!
There is an open door here.
The shadow imp gestures at you. Pain shoots through your body!
* * * LOW HITPOINT WARNING * * *
The shadow imp gestures at you.
You struggle to resist.
There is an open door here.
The shadow imp gestures at you. Pain shoots through your body!
* * * LOW HITPOINT WARNING * * *
There is a stone staircase leading up here.
You climb upwards.
There is a stone staircase leading down here.
You start resting.
HP restored.
You climb downwards.
There is a stone staircase leading up here.
There are no items here.
The shadow imp gestures at you. Pain shoots through your body!
You climb upwards.
There is a stone staircase leading down here.
You closely miss the shadow imp with your +1 short sword of freezing.
You slash the shadow imp with your +2 war axe of venom!
You kill the shadow imp!
No target in view!
No target in view!
No target in view!
There is an open door here.
There is a staircase to the Ecumenical Temple here.
There is an open door here.
HP restored.
There is an open door here.
There is an open door here.
As you open the door, it creaks loudly!
You can't go down here!
Done exploring.
Done exploring.
There is an open door here.
There is a stone staircase leading down here.
You climb downwards.
Found a flail.
There is a stone staircase leading up here.
There is a stone staircase leading up here.
Found a stone staircase leading down.
You see here a +0 flail.
You open the door.
Found a stone staircase leading down.
No target in view!
There is an open door here.
Found a helmet and a club.
You open the door.
There is an open door here.
Found a stone staircase leading down.
D - 2 scrolls labelled INWUMN RUAGA (gained 1)
E - a wand of polymorph (7)
You now have 316 gold pieces (gained 11).
Found an escape hatch in the floor.
You open the door.
There is an open door here.
You open the door.
There is an open door here.
There is an escape hatch in the floor here.
There is an open door here.
You open the door.
There is an open door here.
Found a dire flail.
You now have 331 gold pieces (gained 15).
You see here a +0 dire flail.
Found a flail.
You see here a +0 flail.
You see here a +0 flail.
There is a stone staircase leading down here.
You open the door.
Found a stone.
Found a broken altar of Ashenzari.
There is an open door here.
Found a ring mail.
Found 6 stones.
Found an escape hatch in the ceiling.
A hound comes into view.
The hound barks!
The hound pauses to sniff the ground.
The hound barely misses you.
You hit the hound with your +1 short sword of freezing.
You freeze the hound.
The hound is moderately wounded.
You hit the hound with your +2 war axe of venom.
The hound bites you but does no damage.
You closely miss the hound with your +2 war axe of venom.
The hound is heavily wounded.
You hit the hound with your +1 short sword of freezing.
You freeze the hound.
The hound bites you but does no damage. x2
You hit the hound with your +2 war axe of venom.
The hound is almost dead.
You hit the hound with your +1 short sword of freezing.
You freeze the hound.
You kill the hound!
Your Axes skill increases to level 11!
No target in view!
No target in view!
You see here a hound corpse.
You now have 345 gold pieces (gained 14).
You see here a hound corpse.
You see here a stone.
You see here a +0 ring mail.
You see here 6 stones.
There is an escape hatch in the ceiling here.
D - 3 scrolls labelled INWUMN RUAGA (gained 1)
Found 7 stones.
You see here 7 stones.
There is a stone staircase leading down here.
Found a flail.
The ogre shouts!
You barely miss the ogre with your +2 war axe of venom.
You barely miss the ogre with your +1 short sword of freezing.
The ogre hits you but does no damage.
You hit the ogre with your +2 war axe of venom.
The ogre is moderately wounded.
You hit the ogre with your +1 short sword of freezing.
You freeze the ogre.
You hit the ogre with your +1 short sword of freezing.
You freeze the ogre.
The ogre is heavily wounded.
You slash the ogre with your +2 war axe of venom!
You kill the ogre!
No target in view!
No target in view!
Things that are here:
a +0 giant club; an ogre corpse You see here a +0 flail.
There is an open door here.
Found a stone staircase leading up.
There is an open door here.
An orc comes into view. It is wielding a +0 dagger.
An orc is nearby!
The orc hits you but does no damage.
You barely miss the orc with your +1 short sword of freezing.
You closely miss the orc with your +2 war axe of venom.
You hit the orc with your +1 short sword of freezing.
You freeze the orc.
You kill the orc!
No target in view!
No target in view!
F - a murky white potion
There is an open door here.
Things that are here:
a +0 giant club; an ogre corpse You now have 359 gold pieces (gained 14).
There is an open door here.
You open the door.
There is an open door here.
Found a stormy altar of Qazlal and a hide-covered altar of Uskayaw.
You now have 377 gold pieces (gained 18).
There is an open door here.
There is an open door here.
Partly explored, can't reach some places.
Partly explored, can't reach some places.
There is an open door here.
There is an open door here.
Things that are here:
a +0 giant club; an ogre skeleton
There is a stone staircase leading down here.
You climb downwards.
The iguana hisses angrily.
The hound barks!
You hear a shout! x2
There is a stone staircase leading up here.
There are monsters nearby!
Unknown command.
An orc comes into view. It is wielding a +0 dagger.
An orc comes into view. It is wielding a +0 short sword.
An orc comes into view. It is wielding a +0 whip.
The iguana hisses menacingly.
The orc shouts!
An orc comes into view. It is wielding a +0 mace.
The hound bites you.
You slash the hound with your +2 war axe of venom!
The hound is poisoned.
The hound is almost dead.
You hit the iguana with your +2 war axe of venom.
The iguana is poisoned.
You hit the hound but do no damage. The hound closely misses you.
An orc warrior comes into view. It is wielding a +0 hand axe.
The iguana bites you.
You completely miss the hound with your +2 war axe of venom.
The hound is almost dead.
The orc warrior shouts!
You hit the iguana but do no damage.
The iguana looks as sick as possible!
You hit the hound with your +1 short sword of freezing.
You freeze the hound.
You kill the hound!
You slash the iguana with your +2 war axe of venom!
You kill the iguana!
You hit the orc with your +1 short sword of freezing.
You freeze the orc.
The orc is heavily wounded.
You slash the orc with your +2 war axe of venom!
You kill the orc!
You slash the orc with your +2 war axe of venom!
You kill the orc!
You hit the orc but do no damage.
The orc is poisoned.
The orc hits you but does no damage.
You closely miss the orc with your +1 short sword of freezing.
You hit the orc with your +2 war axe of venom. x2
The orc looks as sick as possible!
You kill the orc!
The orc hits you with a +0 mace.
You barely miss the orc with your +1 short sword of freezing.
The orc is moderately wounded.
You closely miss the orc with your +2 war axe of venom.
You barely miss the orc warrior with your +2 war axe of venom.
The orc hits you with a +0 mace.
The orc warrior hits you but does no damage.
You hit the orc with your +1 short sword of freezing.
You freeze the orc.
You kill the orc!
You hit the orc warrior with your +2 war axe of venom.
The orc warrior is poisoned.
The orc warrior hits you with a +0 hand axe!
You hit the orc warrior but do no damage.
The orc warrior is lightly wounded.
You hit the orc warrior but do no damage.
The orc warrior hits you with a +0 hand axe!
* * * LOW HITPOINT WARNING * * *
You are too injured to fight recklessly!
You are too injured to fight recklessly!
You hit the orc warrior with your +1 short sword of freezing.
You freeze the orc warrior.
The orc warrior is moderately wounded.
You hit the orc warrior with your +2 war axe of venom.
The orc warrior looks even sicker.
The orc warrior hits you with a +0 hand axe.
* * * LOW HITPOINT WARNING * * *
You hit the orc warrior but do no damage.
The orc warrior looks as sick as possible!
The orc warrior is heavily wounded.
You hit the orc warrior but do no damage.
The orc warrior barely misses you.
You hit the orc warrior with your +1 short sword of freezing.
You freeze the orc warrior.
The orc warrior is severely wounded.
You hit the orc warrior with your +2 war axe of venom.
The orc warrior looks as sick as possible!
The orc warrior barely misses you.
You barely miss the orc warrior with your +1 short sword of freezing.
The orc warrior is almost dead.
You hit the orc warrior but do no damage.
The orc warrior looks as sick as possible!
You kill the orc warrior!
You have reached level 9!
Your experience leads to an increase in your attributes!
Increase (S)trength, (I)ntelligence, or (D)exterity?
You feel stronger. x2
You are too injured to fight recklessly!
HP restored.
As you open the door, it creaks loudly!
A water moccasin comes into view.
The water moccasin hisses angrily.
A water moccasin is nearby!
A water moccasin is nearby!
You closely miss the water moccasin with your +2 war axe of venom.
You miss the water moccasin with your +1 short sword of freezing.
The water moccasin barely misses you.
The water moccasin bites you but does no damage.
You closely miss the water moccasin with your +1 short sword of freezing.
You barely miss the water moccasin with your +2 war axe of venom.
The water moccasin bites you but does no damage.
You barely miss the water moccasin with your +2 war axe of venom.
You barely miss the water moccasin with your +1 short sword of freezing.
The water moccasin bites you but does no damage.
You hit the water moccasin with your +1 short sword of freezing.
The water moccasin seems to slow down.
You freeze the water moccasin.
The water moccasin is lightly wounded.
You slash the water moccasin with your +2 war axe of venom!
The water moccasin bites you but does no damage.
You hit the water moccasin but do no damage.
The water moccasin is heavily wounded.
You completely miss the water moccasin with your +2 war axe of venom.
The water moccasin bites you but does no damage.
You closely miss the water moccasin with your +1 short sword of freezing.
The water moccasin is heavily wounded.
You hit the water moccasin with your +2 war axe of venom.
The water moccasin barely misses you.
You hit the water moccasin with your +1 short sword of freezing.
You freeze the water moccasin.
The water moccasin is almost dead.
You slash the water moccasin with your +2 war axe of venom!
You kill the water moccasin!
There is an open door, spattered with blood here.
You see here a water moccasin corpse.
A water moccasin comes into view.
The water moccasin hisses angrily.
A water moccasin is nearby!
A water moccasin is nearby!
Found 4 stones.
The water moccasin bites you.
You are poisoned.
The water moccasin poisons you!
You hit the water moccasin with your +1 short sword of freezing.
You freeze the water moccasin.
The water moccasin is lightly wounded.
You completely miss the water moccasin with your +2 war axe of venom.
You feel very sick.
The water moccasin bites you but does no damage.
You closely miss the water moccasin with your +1 short sword of freezing.
The water moccasin is lightly wounded.
You hit the water moccasin with your +2 war axe of venom.
The water moccasin is poisoned.
You feel sick.
The water moccasin bites you but does no damage.
You closely miss the water moccasin with your +1 short sword of freezing.
The water moccasin is moderately wounded.
You slash the water moccasin with your +2 war axe of venom!
You feel sick. The water moccasin bites you.
The water moccasin closely misses you.
You miss the water moccasin with your +1 short sword of freezing.
The water moccasin is severely wounded.
You hit the water moccasin with your +2 war axe of venom.
You feel sick.
You kill the water moccasin!
Your Axes skill increases to level 12!
No target in view!
No target in view!
You feel sick.
You feel sick.
You feel sick.
You feel sick.
You feel sick.
You are no longer poisoned.
r - 3 scrolls labelled GUFIEDGHELUST (gained 1)
p - 3 scrolls labelled QIMOQO ESAUSUBYSS (gained 1)
You open the door.
Found a stone staircase leading down.
There is an open door here.
Found a whip.
You open the door.
There is an open door here.
B - 2 coppery potions (gained 1)
You open the door.
There is an open door here.
You open the door.
There is an open door here.
Found a large peridot amulet.
There is an open door here.
l - 2 murky purple potions (gained 1) As you open the door, it creaks loudly!
There is an open door here.
A bullfrog comes into view.
A bullfrog is nearby!
The bullfrog hits you.
You hit the bullfrog with your +1 short sword of freezing.
You freeze the bullfrog.
The bullfrog is moderately wounded.
You slash the bullfrog with your +2 war axe of venom!
The bullfrog is poisoned.
The bullfrog hits you but does no damage.
The bullfrog hits you.
You barely miss the bullfrog with your +2 war axe of venom.
The bullfrog is severely wounded.
You barely miss the bullfrog with your +1 short sword of freezing.
The bullfrog hits you.
You hit the bullfrog with your +1 short sword of freezing.
The bullfrog seems to slow down.
You freeze the bullfrog.
You kill the bullfrog!
No target in view!
No target in view!
You open the door.
There is an open door here.
Found a stone staircase leading up.
Found a stone staircase leading down.
r - 4 scrolls labelled GUFIEDGHELUST (gained 1)
i - 2 scrolls of blinking (gained 1)
Found a stone staircase leading up.
As you open the door, it creaks loudly!
There is an open door here.
Found a runed translucent door.
You now have 389 gold pieces (gained 12).
Found a knobbly bone ring.
BubbleThief's ghost turns its malevolent gaze towards you.
You open the door.
There is an open door here.
Found a ring mail.
A steam dragon comes into view.
The steam dragon hisses angrily.
A steam dragon is nearby!
A steam dragon is nearby!
The steam dragon breathes steam at you. The ball of steam hits you!
You closely miss the steam dragon with your +2 war axe of venom.
You hit the steam dragon with your +1 short sword of freezing.
You freeze the steam dragon.
You are engulfed in a cloud of scalding steam.
The steam dragon misses you.
The steam dragon claws you but does no damage.
You barely miss the steam dragon with your +2 war axe of venom.
The steam dragon is lightly wounded.
You hit the steam dragon with your +1 short sword of freezing.
You freeze the steam dragon.
You are engulfed in a cloud of scalding steam.
The steam dragon closely misses you. The steam dragon barely misses you.
You closely miss the steam dragon with your +1 short sword of freezing.
The steam dragon is moderately wounded.
You hit the steam dragon but do no damage.
The steam dragon is poisoned.
You are engulfed in a cloud of scalding steam.
You hit the steam dragon with your +2 war axe of venom.
The steam dragon is moderately wounded.
You hit the steam dragon with your +1 short sword of freezing.
You freeze the steam dragon.
The steam dragon bites you but does no damage.
The steam dragon claws you.
You hit the steam dragon but do no damage.
The steam dragon looks as sick as possible!
The steam dragon is heavily wounded.
You hit the steam dragon but do no damage.
The steam dragon bites you but does no damage.
The steam dragon claws you.
You closely miss the steam dragon with your +1 short sword of freezing.
The steam dragon is severely wounded.
You slash the steam dragon with your +2 war axe of venom!
You kill the steam dragon!
The steam dragon scales are intact enough to wear.
No target in view!
No target in view!
Things that are here:
+0 steam dragon scales; a steam dragon corpse G - +0 steam dragon scales You start removing your armour.
You continue removing your +0 scale mail. x4
You finish removing your +0 scale mail.
You start putting on your armour.
You continue putting on your +0 steam dragon scales. x5
You finish putting on your +0 steam dragon scales.
You drop a +0 war axe {FriĆ°uswiĆ¾}.
You drop a +0 dagger {Eunwoo}.
You drop a +0 scale mail.
Okay, then.
r - 5 scrolls labelled GUFIEDGHELUST (gained 1)
Found a bloodstained altar of Trog.
The spellbook bursts into flames!
Trog roars with delight!
You now have 395 gold pieces (gained 6).
There is an open door here.
There is a stone staircase leading up here.
Found an escape hatch in the ceiling.
An ice beast comes into view.
Found 20 gold pieces.
Found an escape hatch in the floor.
Found a stone staircase leading down.
The ice beast completely misses you.
You barely miss the ice beast with your +1 short sword of freezing.
You hit the ice beast with your +2 war axe of venom.
The ice beast hits you but does no damage.
You closely miss the ice beast with your +1 short sword of freezing.
The ice beast is lightly wounded.
You hit the ice beast with your +2 war axe of venom.
The ice beast is poisoned.
The ice beast barely misses you.
You barely miss the ice beast with your +2 war axe of venom.
The ice beast is moderately wounded.
You hit the ice beast but do no damage.
The ice beast hits you but does no damage.
You slash the ice beast with your +2 war axe of venom!
The ice beast looks as sick as possible!
The ice beast is severely wounded.
You barely miss the ice beast with your +1 short sword of freezing.
The ice beast hits you but does no damage.
You barely miss the ice beast with your +2 war axe of venom.
The ice beast is severely wounded.
You barely miss the ice beast with your +1 short sword of freezing.
The ice beast misses you.
You hit the ice beast with your +1 short sword of freezing.
The ice beast is severely wounded.
You hit the ice beast with your +2 war axe of venom.
The ice beast hits you but does no damage.
You closely miss the ice beast with your +2 war axe of venom.
The ice beast is almost dead.
You hit the ice beast with your +1 short sword of freezing.
You kill the ice beast!
No target in view!
There is an escape hatch in the floor here.
You now have 415 gold pieces (gained 20).
s - 3 scrolls labelled DIMEDU KURIS (gained 1)
Found a hammer.
Found a runed translucent door.
Crazy Yiuf shouts!
Crazy Yiuf says, "Tosser song rumpyflump!"
You open the door.
There is an open door here.
There is an open door here.
Could not explore, unopened runed door.
You open the door.
You hit Crazy Yiuf with your +1 short sword of freezing.
You freeze Crazy Yiuf.
Crazy Yiuf is lightly wounded.
You slash Crazy Yiuf with your +2 war axe of venom!
Crazy Yiuf is poisoned.
Crazy Yiuf hits you with a +2 quarterstaff of chaos!
You hit Crazy Yiuf but do no damage.
Crazy Yiuf is heavily wounded.
You slash Crazy Yiuf with your +2 war axe of venom!
You kill Crazy Yiuf!
No target in view!
No target in view!
a - a +1 cloak of willpower
There is an open translucent door, spattered with blood here.
Things that are here:
a +2 quarterstaff of chaos; the gnoll corpse of Crazy Yiuf You start putting on your armour.
You continue putting on your +1 cloak of willpower. x4
You finish putting on your +1 cloak of willpower.
You feel strong-willed.
f - a +2 quarterstaff of chaos You drop a +2 quarterstaff of chaos.
Done exploring.
Done exploring.
Done exploring.
Done exploring.
Okay, then.
Search for what [? for help]? usk
There is an open translucent door, spattered with blood here.
Things that are here:
a +2 quarterstaff of chaos; the gnoll corpse of Crazy Yiuf
There is a stone staircase leading up here.
You climb upwards.
There is a stone staircase leading down here.
You open the door.
There is an open door here.
There is an open door here.
There is a hide-covered altar of Uskayaw here.
You kneel at the altar of Uskayaw.
Uskayaw welcomes you!
Unknown command.
Press < or > to pray at altars.
There is an open door here.
There is an open door here.
There is a stone staircase leading down here.
You climb downwards.
Level annotation: 1 runed translucent door, BubbleThief's ghost, novice DsNe
There is a stone staircase leading up here.
Done exploring.
Done exploring.
Done exploring.
There is a stone staircase leading down here.
You climb downwards.
There is a stone staircase leading up here.
You open the door.
There is an open door here.
A centaur comes into view.
A centaur is nearby!
A centaur is nearby!
The centaur shouts!
The centaur wields a +0 shortbow.
The centaur shoots an arrow.
The arrow hits you but does no damage.
The centaur shoots an arrow.
The arrow hits you.
The centaur shoots an arrow.
The arrow closely misses you.
The centaur shoots an arrow.
The arrow barely misses you.
The centaur unwields a +0 shortbow.
The centaur barely misses you. The centaur kicks you.
The centaur hits you but does no damage.
The centaur kicks you but does no damage.
You slash the centaur with your +2 war axe of venom!
The centaur is poisoned.
The centaur is moderately wounded.
You hit the centaur with your +1 short sword of freezing.
You freeze the centaur.
The centaur hits you but does no damage.
The centaur barely misses you.
You slash the centaur with your +2 war axe of venom!
You kill the centaur!
You can now stomp with the beat.
No target in view!
No target in view!
HP restored.
Things that are here:
a +0 shortbow; a centaur corpse An ice beast comes into view.
An ice beast is nearby!
An ice beast is nearby!
A centaur warrior comes into view.
Found a war axe.
The centaur warrior shouts!
The centaur warrior wields a +0 shortbow.
The centaur warrior shoots an arrow.
The arrow barely misses you.
The centaur warrior shoots an arrow.
The arrow hits you!!
The centaur warrior shoots an arrow.
The arrow hits you!
You are too injured to fight recklessly!
Blink to where?
Press: ? - help, Dir - move target
As you read the scroll of blinking, it crumbles to dust.
Okay, then.
Okay, then.
As you read the scroll labelled GUFIEDGHELUST, it crumbles to dust.
It is a scroll of identify.
u - 6 scrolls of noise The centaur warrior shoots an arrow.
The arrow closely misses you.
Okay, then.
Aiming: Polymorph
Press: ? - help, Shift-Dir - straight line, f - centaur warrior
Aim: a centaur warrior, wielding a +0 shortbow (will become a mana viper, a deep troll, or a skyshark, chance to affect: 31%)
Okay, then.
Unknown command.
As you read the scroll labelled REVE NUYZONIXI, it crumbles to dust.
A profound silence engulfs you.
It was a scroll of silence.
The centaur warrior shoots an arrow.
The arrow hits you!
* * * LOW HITPOINT WARNING * * *
It was a potion of curing.
You feel better.
The centaur warrior shoots an arrow.
The arrow hits you!
* * * LOW HITPOINT WARNING * * *
The centaur warrior shoots an arrow.
The arrow hits you but does no damage.
Things that are here:
a +0 shortbow; a centaur corpse The centaur warrior shoots an arrow.
The arrow hits you!!
You die...
Your body falls in perfect tune with the rhythm.

.......#...#..
.......#...#.. #
#.#....#...#.. #.
#.#....#...#..
.##.###.##...#...#..
.............#...#..
#.......c..#...#..
########.............
#...@..)..Y..........
###.###############.##
#................#....
###............#.#c#.#
#.########.....#. .#
#.# #.....#. .. #.#
#..<..#. #.
#.########.....#. #
#........'.....#


You could see a centaur warrior and an ice beast.

Vanquished Creatures
  Sigmund (D:5)
  A steam dragon (D:7)
  2 water moccasins (D:7)
  An orc warrior (D:7)
  2 ice beasts
  3 black bears (D:5)
  3 ogres
  A centaur (D:8)
  3 bullfrogs
  A scorpion (D:5)
  3 bombardier beetles
  Crazy Yiuf (D:7)
  4 hounds
  3 iguanas
  Terence (D:3)
  Robin (D:4)
  10 adders
  2 river rats (D:4)
  A shadow imp (D:5)
  4 ufetubi (D:5)
  12 dart slugs
  5 ribbon worms
  17 orcs
  6 bats
  10 endoplasms
  9 giant cockroaches
  11 goblins
  8 hobgoblins
  2 jackals (D:4)
  5 kobolds
  2 quokkas
  16 ball pythons
  15 frilled lizards
  7 rats
  A spectral goblin (D:3)
174 creatures vanquished.

Notes
Turn   | Place    | Note
-------+----------+-------------------------------------------
     0 | D:1      | sleeves the Coglin Gladiator began the quest for the Orb.
     0 | D:1      | Reached XP level 1. HP: 16/16 MP: 1/1
   167 | D:1      | Reached XP level 2. HP: 18/22 MP: 2/2
   579 | D:1      | Reached skill level 4 in Axes
   713 | D:2      | HP: 10/22 [poisoned by an adder]
   715 | D:2      | Reached XP level 3. HP: 11/27 MP: 3/3
   718 | D:2      | HP: 8/27 [poisoned by an adder]
   925 | D:2      | Found Acha's Antique Armour Shoppe.
  1281 | D:3      | Reached XP level 4. HP: 33/33 MP: 4/4
  1303 | D:3      | Found a shadowy altar of Dithmenos.
  1354 | D:3      | Noticed Terence
  1370 | D:3      | Killed Terence
  1371 | D:3      | Reached skill level 5 in Axes
  1427 | D:3      | Found an ornate altar of the Wu Jian Council.
  1447 | D:3      | Got the Grimoire of the Crystalline Tomb
  1449 | D:3      | Found a sacrificial altar of Ru.
  1748 | D:3      | Found a hazy altar of Hepliaklqana.
  2050 | D:4      | Reached XP level 5. HP: 21/38 MP: 5/5
  2050 | D:4      | HP: 19/38 [burnt (2)]
  2111 | D:4      | Noticed an ogre
  2264 | D:4      | Killed an ogre
  2265 | D:4      | Reached skill level 6 in Axes
  2265 | D:4      | Reached XP level 6. HP: 44/44 MP: 6/6
  2323 | D:4      | HP: 20/44 [burnt (6)]
  2428 | D:4      | Noticed Robin
  2450 | D:4      | Reached skill level 7 in Axes
  2462 | D:4      | Killed Robin
  2611 | D:4      | HP: 22/44 [river rat (3)]
  2650 | D:4      | Found a glowing drain.
  2650 | D:4      | HP: 18/44 [adder (3)]
  2657 | Sewer    | Entered a sewer
  3053 | Sewer    | Reached XP level 7. HP: 45/50 MP: 7/7
  3142 | Sewer    | Reached skill level 8 in Axes
  3250 | D:5      | Entered Level 5 of the Dungeon
  3566 | D:5      | Noticed Sigmund
  3573 | D:5      | Killed Sigmund
  3574 | D:5      | Reached skill level 9 in Axes
  3574 | D:5      | Reached XP level 8. HP: 49/56 MP: 8/8
  3832 | D:5      | Reached skill level 10 in Axes
  3929 | D:5      | Found a staircase to the Ecumenical Temple.
  4035 | Temple   | Entered the Ecumenical Temple
  4462 | D:6      | HP: 27/56 [ogre/+0 giant club (29)]
  4480 | D:6      | HP: 21/56 [shadow imp/nerve-wracking pain (7)]
  4948 | D:6      | Found a broken altar of Ashenzari.
  4990 | D:6      | Reached skill level 11 in Axes
  5316 | D:6      | Found a stormy altar of Qazlal.
  5316 | D:6      | Found a hide-covered altar of Uskayaw.
  5451 | D:7      | HP: 26/56 [orc warrior/+0 hand axe (12)]
  5456 | D:7      | Reached XP level 9. HP: 25/61 MP: 9/9
  5606 | D:7      | Reached skill level 12 in Axes
  5917 | D:7      | Found a runed translucent door.
  5925 | D:7      | Noticed BubbleThief's ghost (novice DsNe)
  6042 | D:7      | Found a bloodstained altar of Trog.
  6160 | D:7      | Found a runed translucent door.
  6161 | D:7      | Noticed Crazy Yiuf
  6262 | D:7      | Killed Crazy Yiuf
  6399 | D:6      | Became a worshipper of Uskayaw the Reveller
  6505 | D:8      | Reached * piety under Uskayaw
  6536 | D:8      | Noticed a centaur warrior
  6540 | D:8      | HP: 19/61 [centaur warrior/arrow (13)]
  6548 | D:8      | Shot with an arrow by a centaur warrior

Illustrated notes

Levels and vault maps discovered:
D:1:      scummos_arrival_simple_crosswalls, layout_loops_cross,
          grunt_decor_fettered, nicolae_the_louvre
D:2:      layout_rooms, serial_shops, shop
D:3:      layout_loops_ring, nicolae_hepliaklqana_monster_ancestors,
          mainiacjoe_overflow_large_starburst,
          mainiacjoe_overflow_small_starburst, uniq_terence
D:4:      layout_rooms, portal_sewer_entry_e, uniq_robin
D:5:      layout_gridville, temple_doors_e, minmay_fountain_box,
          lemuel_flame_loot_1, uniq_sigmund
D:6:      layout_loops_corners, nicolae_overflow_two_pavilions,
          nicolae_ashenzari_skybound
D:7:      layout_gridville, trog_book, ebering_ghost_reflecting_pool,
          nicolae_concentric_dashed_squares_wild, uniq_crazy_yiuf_cottage
D:8:      layout_basic, uniq_psyche
Temple:   nicolae_temple_ecumenical_triangle

Skill      XL: |  1  2  3  4  5  6  7  8  9 |
---------------+----------------------------+-----
Axes           | 4 5 6 7 9 11 12 | 12.5
Fighting       | |  2.0
Throwing       | |  1.7
Dodging        | |  2.6

Action                     |  1- 3 |  4- 6 |  7- 9 || total
---------------------------+-------+-------+-------++-------
  Melee: War axe           |    64 |   184 |   133 ||   381
         Dagger            |    44 |       |       ||    44
         Short sword       |    17 |   183 |   133 ||   333
  Throw: Dart              |       |    10 |       ||    10
         Throwing net      |       |     1 |       ||     1
    Use: Scroll            |       |       |     3 ||     3
         Potion            |       |       |     1 ||     1
   Stab: Sleeping          |     1 |       |       ||     1
 Armour: Leather armour    |    33 |       |       ||    33
         Ring mail         |    22 |    18 |       ||    40
         Scale mail        |       |   141 |   116 ||   257
         Steam dragon scal |       |       |    17 ||    17
  Dodge: Dodged            |    39 |    93 |    75 ||   207

Table legend: (Time is in decaauts)
 A = Elapsed time spent in this place.
 B = Non-inter-level travel time spent in this place.
 C = Inter-level travel time spent in this place.
 D = Time resting spent in this place.
 E = Time spent auto-exploring this place.
 F = Levels seen in this place.
 G = Mean time per level.
                   A        B        C        D        E       F      G
               +--------+--------+--------+--------+--------+-----+--------+
         Total |   6634 |   6212 |    422 |    316 |   4584 |  10 |  663.4 |
       Dungeon |   6058 |   5637 |    421 |    199 |   4392 |   8 |  757.2 |
        Temple |      1 |      0 |      1 |      0 |      0 |   1 |    1.0 |
         Sewer |    574 |    574 |      0 |    117 |    192 |   1 |  574.0 |
               +--------+--------+--------+--------+--------+-----+--------+

Top non-repeatable levels by time:
     D:5: 1230 daAuts
     D:6: 1072 daAuts
     D:7: 918 daAuts
     D:3: 825 daAuts
     D:1: 712 daAuts
     D:4: 676 daAuts
   Sewer: 574 daAuts
     D:2: 547 daAuts
     D:8: 75 daAuts
  Temple: 1 daAuts
